 Dungeon Crawl Stone Soup version 0.14.0-9-g9c5475a (webtiles) character file.

818 MDvedh the Cleaver (level 7, 0/56 HPs)
             Began as a Hill Orc Gladiator on Apr 14, 2014.
             Succumbed to a gnoll's poison
             ... on Level 5 of the Dungeon.
             The game lasted 00:09:37 (5586 turns).

MDvedh the Cleaver (Hill Orc Gladiator)             Turns: 5586, Time: 00:09:37

HP   0/56        AC 12     Str 25      XL: 7   Next: 76%
MP   7/7         EV 12     Int  8      God:
Gold 74          SH  0     Dex 15 (16) Spells:  0 memorised,  6 levels left

rFire  + . .     SeeInvis .     a - +0 war axe
rCold  + . .     Clarity  .     y - +0 chain mail
rNeg   . . .     Conserve .     (no shield)
rPois  +         rCorr    .     c - +0 helmet
rElec  +         rRot     .     A - +0 cloak
SustAb . .       Spirit   .     b - +1 pair of gloves
rMut   .         Warding  .     (no boots)
Saprov + . .     Stasis   .     (no amulet)
MR     .....                    (no ring)
                                (no ring)

@: mighty, agile, lethally poisoned, not resistant to hostile enchantments,
extremely unstealthy
A: saprovore 1
a: no special abilities


You were on level 5 of the Dungeon.
You were not hungry.

You visited 1 branch of the dungeon, and saw 5 of its levels.

You collected 74 gold pieces.

Inventory:

Hand weapons
 a - a +0,+0 war axe (weapon)
Missiles
 d - 3 throwing nets (quivered)
Armour
 b - a +1 pair of gloves (worn)
 c - a +0 helmet (worn)
 y - a +0 chain mail (worn)
 A - a +0 cloak (worn)
Magical devices
 p - a wand of enslavement (8)
 w - a wand of flame (1)
Comestibles
 m - a chunk of goblin flesh
 u - a bread ration
 z - a choko
Scrolls
 f - 2 scrolls of remove curse
 g - a scroll of identify
 j - 3 scrolls of recharging
 n - a scroll of teleportation {unknown}
 r - a scroll of enchant weapon II {unknown}
 v - 2 scrolls of random uselessness {unknown}
Jewellery
 h - a +1 ring of dexterity {unknown}
 l - a +5 ring of intelligence {unknown}
 s - an uncursed amulet of faith {unknown}
 x - a +4 ring of intelligence {unknown}
Potions
 e - a potion of degeneration
 o - a potion of magic


   Skills:
 - Level 2.4 Fighting
 + Level 11.4 Axes
 - Level 2.0 Throwing
 - Level 2.4 Dodging


You had 6 spell levels left.
You didn't know any spells.

Dungeon Overview and Level Annotations

Branches:
Dungeon (5/15)
 Temple: D:4-7

Altars:
Nemelex Xobeh

Annotations:
D:4 Sigmund


Innate Abilities, Weirdness & Mutations

You can tolerate rotten meat.


Message History

The adder is severely wounded.
The adder bites you but does no damage. The gnoll barely misses you.
You slice the adder!!
You kill the adder!
* * * LOW HITPOINT WARNING * * *
You feel sick. The gnoll closely misses you.
You see here a rat corpse.
You slash the gnoll!
You kill the gnoll!
* * * LOW HITPOINT WARNING * * *
You feel sick. The gnoll misses you.
Things that are here:
a runed halberd; a gnoll corpse You slash the gnoll!
The gnoll is almost dead.
The gnoll closely misses you.
You closely miss the gnoll.
The gnoll is almost dead.
You die...

#.#.g............
#.#gg.............
#%#...............
#.#...............
#.#5.....$........ ...
#g#............... ...#
#5#............... #...
#g#..ยง............
#..# #@#.....>.).......
#..# #%#...............
#..# #.#..........$....
#..# #.#...............
#..###.#...............
#..#<#.# .............
#..#.#.# ...........
#..#.#.# ....S....
#....#.# ...


You could see 2 gnolls and a crimson imp.

Vanquished Creatures
  Grinder (D:4)
  An ice beast (D:5)
  An ogre (D:3)
  A quasit (D:5)
  Crazy Yiuf (D:3)
  A hound (D:4)
  2 worker ants
  Terence (D:3)
  2 gnolls (D:5)
  8 adders
  A giant mite (D:3)
  2 worms
  6 giant geckos
  An ooze (D:2)
  An orc (D:4)
  A ball python (D:3)
  5 bats
  A bat skeleton (D:4)
  3 giant cockroaches
  12 goblins
  8 hobgoblins
  2 quokkas
  7 giant newts
  12 kobolds
  12 rats
  A fungus (D:3)
94 creatures vanquished.

Vanquished Creatures (others)
  A plant (D:4)
1 creature vanquished.

Grand Total: 95 creatures vanquished

Notes
Turn   | Place    | Note
--------------------------------------------------------------
     0 | D:1      | MDvedh, the Hill Orc Gladiator, began the quest for the Orb.
     0 | D:1      | Reached XP level 1. HP: 18/18 MP: 1/1
    79 | D:1      | Reached XP level 2. HP: 23/25 MP: 2/2
   302 | D:1      | Reached skill level 5 in Axes
   695 | D:2      | Reached XP level 3. HP: 21/30 MP: 3/3
   859 | D:2      | Reached skill level 6 in Axes
  1351 | D:2      | Reached XP level 4. HP: 33/37 MP: 4/4
  2424 | D:3      | Reached skill level 7 in Axes
  2703 | D:3      | Noticed Terence
  2727 | D:3      | Killed Terence
  2727 | D:3      | Reached XP level 5. HP: 13/42 MP: 5/5
  3238 | D:3      | Noticed an ogre
  3684 | D:3      | Noticed Crazy Yiuf
  3693 | D:3      | Killed Crazy Yiuf
  3872 | D:4      | Noticed Sigmund
  4231 | D:3      | Reached skill level 8 in Axes
  4277 | D:3      | Killed an ogre
  4277 | D:3      | Reached XP level 6. HP: 50/50 MP: 6/6
  4455 | D:4      | Reached skill level 9 in Axes
  4702 | D:4      | Found a sparkling altar of Nemelex Xobeh.
  5010 | D:4      | Noticed Grinder
  5013 | D:4      | Paralysed by Grinder for 7 turns
  5025 | D:4      | Killed Grinder
  5025 | D:4      | Reached skill level 10 in Axes
  5025 | D:4      | Reached XP level 7. HP: 24/56 MP: 7/7
  5201 | D:5      | Entered Level 5 of the Dungeon
  5270 | D:5      | HP: 2/56 [ice beast (12)]
  5281 | D:5      | Reached skill level 11 in Axes
  5579 | D:5      | HP: 2/56 [poisoned by a gnoll]
  5586 | D:5      | Succumbed to a gnoll's poison

Action                   |  1- 3 |  4- 6 |  7- 9 || total
-------------------------+-------+-------+-------++-------
Melee: War axe           |   106 |   193 |    44 ||   343
Evoke: Wand              |       |     8 |       ||     8
  Use: Potion            |       |     4 |     3 ||     7
       Scroll            |       |     5 |       ||     5
